 Dungeon Sprint DCSS version 0.22-a0-558-gc224181 (webtiles) character file.

20864 George the Fencer (level 12, -8/124 HPs)
             Began as a Minotaur Berserker on June 27, 2018.
             Was the Champion of Trog.
             Killed from afar by an ogre mage (43 damage)
             ... with a bolt of cold
             ... in the Dungeon (Sprint IX: "|||||||||||||||||||||||||||||").
             The game lasted 00:12:51 (2337 turns).

George the Fencer (Minotaur Berserker)              Turns: 2337, Time: 00:12:52

Health: -8/124     AC: 27    Str: 23    XL:     12   Next: 49%
Magic:  7/11       EV: 15    Int:  4    God:    Trog [******]
Gold:   1864       SH:  0    Dex: 14    Spells: 11/11 levels left

rFire    + . .     SeeInvis .   D - +11 plutonium sword {*Contam Stlth-}
rCold    . . .     Gourm    .   (shield currently unavailable)
rNeg     . . .     Faith    .   y - +4 plate armour
rPois    +         Spirit   .   (helmet restricted)
rElec    .         Reflect  .   a - +1 cloak
rCorr    .         Harm     .   A - +0 pair of gloves
MR       .....     NoTele   +   q - +0 pair of boots {Stlth+}
Stlth    ..........             (no amulet)
HPRegen  0.30/turn              H - ring of poison resistance
MPRegen  0.12/turn              p - ring of protection from fire

@: slowed, very slow
A: retaliatory headbutt, horns 2
a: Berserk, Trog's Hand, Brothers in Arms, Renounce Religion


You were in the Dungeon.
You worshipped Trog.
Trog was exalted by your worship.
You were hungry.

You visited 1 branch You collected 1909 gold pieces.
You spent 45 gold pieces at shops.

Inventory:

Hand Weapons
 b - the +10 long sword "Dunoew" {vamp, +Blink +Inv}
   (You found it in the Dungeon)

   It inflicts no extra harm, but heals its wielder when it wounds a living foe.
   It lets you turn invisible.
   It lets you blink.
 D - the +11 plutonium sword (weapon) {*Contam Stlth-}
   (Trog gifted it to you in the Dungeon)

   It causes magical contamination when unequipped.
   It makes you less stealthy.
 E - a +0 blowgun
Missiles
 k - 11 poisoned javelins
 o - 5 javelins of penetration
 r - 4 needles of confusion
 B - 5 javelins (quivered)
 C - 5 curare-tipped needles
Armour
 a - a +1 cloak (worn)
 q - a +0 pair of boots of stealth (worn)
 y - a +4 plate armour (worn)
 A - a +0 pair of gloves (worn)
Jewellery
 p - a ring of protection from fire (right hand)
 G - an uncursed ring of protection from cold
 H - a ring of poison resistance (left hand)
Wands
 n - a wand of acid (10)
Scrolls
 i - 4 scrolls of blinking
 m - 3 scrolls of remove curse
 u - 2 scrolls of fear
 v - 2 scrolls of fog
 z - a scroll of immolation
 F - 2 scrolls of enchant armour
 I - 2 scrolls of enchant weapon
Potions
 d - 4 potions of curing
 e - 6 potions of heal wounds
 f - 2 potions of haste
 g - 4 potions of magic
 h - a potion of berserk rage
 j - a potion of brilliance
 l - a potion of invisibility
 s - 2 potions of might
 t - a potion of mutation
 w - a potion of resistance
 x - a potion of agility
Comestibles
 c - 13 rations


   Skills:
 + Level 16.9 Fighting
 + Level 20.4 Long Blades
 + Level 9.6 Throwing
 + Level 16.8 Armour
 + Level 15.5 Dodging
 + Level 3.6 Stealth


You had 11 spell levels left.
You didn't know any spells.
Your spell library was empty.

Dungeon Overview and Level Annotations

Branches:
Dungeon (1/1)

Altars:
Cheibriados
Dithmenos
Elyvilon
Fedhas
Gozag
Hepliaklqana
Kikubaaqudgha
Makhleb
Nemelex Xobeh
Okawaru
Qazlal
Ru
Sif Muna
Trog
Uskayaw
Vehumet
Wu Jian
Xom
Yredelemnul
Zin
The Shining One
Beogh
Jiyva
Lugonu

Shops:
D %!!?


Innate Abilities, Weirdness & Mutations

You reflexively headbutt those who attack you in melee.
You have a pair of horns on your head.


Message History

The yaktaur unwields an uncursed arbalest.
The yaktaur barely misses you.
You slash the yaktaur!
You kill the yaktaur!
Trog accepts your kill.
The mana viper bites you but does no damage.
You closely miss the mana viper.
The ogre mage gestures at you while chanting.
The bolt of fire misses you.
The mana viper bites you but does no damage.
The mana viper bites you.
* * * LOW HITPOINT WARNING * * *
You feel your power leaking away.
You hit the mana viper. Your headbutt misses the mana viper.
The mana viper is lightly wounded.
The mana viper closely misses you. You furiously retaliate!
You headbutt the mana viper.
The ogre mage points at you and mumbles some strange words.
The bolt of cold hits you!
You die...

▓÷▓.▓'▓.▓.▓.▓,*,*,*,*,*,*,*,*,
▓.▓.▓)▓.▓.▓.▓.▓,*,*,*,*,*,*,*,
▓)▓.▓.▓.▓∩▓.▓.▓,*,*,*,*,*,*,*,
▓'▓.▓.▓.▓.▓.▓.▓,*,*,*,*,*,*,*,
▓.▓.▓)▓.▓∩▓.▓.▓,*,*,*,*,*,*,*,
▓.▓.▓.▓.▓)▓.▓.▓,*,*,*,*,*,*,*+
▓[▓.▓.▓.▓∩▓.▓.▓,*,*,*,*,*,*,*,
▓[▓.▓.▓.▓.▓.▓S▓,*,*,*,*,*,*,*,
▓.▓.▓.▓.▓∩▓.▓@▓,*,*,*,*,*,*,*,
▓)▓.▓.▓.▓.▓.▓)▓,*+*,*,*,*,*,*,
▓|▓.▓.▓.▓.▓.▓(▓,*,*,*,*,*,*,*,
▓?▓.▓†▓.▓.▓.▓)▓,*,*,*,*,*,*,*,
▓.▓.▓†▓.▓.▓.▓)▓,*,*,*,*,*,*,*,
▓'▓.▓'▓.▓.▓.▓O▓,*,*,*,*,*,*,*,
▓_▓.▓.▓.▓)▓.▓.▓,*,*,*,*,*,*,*,
▓_▓.▓.▓.▓.▓.▓.▓,*,*,*,*,*,*,*,
▓_▓.▓.▓.▓.▓.▓.▓,*,*,*,*,*,*,*,


You could see an ogre mage and a mana viper shaped shifter.

Vanquished Creatures
  A stone giant (D)
  3 ogre magi (D)
  9 two-headed ogres (D)
  Urug (D)
  Sonja (D)
  A wizard (D)
  An unseen horror (D)
  A lindwurm (D)
  4 orc knights (D)
  A shining eye (D)
  A cyclops (D)
  2 ugly things (D)
  A black mamba (D)
  2 gargoyles (D)
  3 spiny frogs (D)
  A komodo dragon (D)
  A yaktaur (D)
  A rime drake (D)
  2 tyrant leeches (D)
  3 hippogriffs (D)
  A blink frog (D)
  2 yaks (D)
  An acid dragon (D)
  3 water moccasins (D)
  2 porcupines (D)
  A sky beast (D)
  An ice beast (D)
  11 orc warriors (D)
  A necrophage (D)
  4 ogres (D)
  A crocodile (D)
  A centaur (D)
  A bullfrog (D)
  A gnoll sergeant (D)
  2 crimson imps (D)
  An orc priest (D)
  3 orc wizards (D)
  4 worker ants (D)
  An adder zombie (D)
  5 worms (D)
  A dart slug (D)
  A leopard gecko (D)
  6 orcs (D)
  A bat (D)
  A jackal (D)
  A kobold (D)
  A quokka (D)
  A giant cockroach zombie (D)
  A rat (D)
101 creatures vanquished.

Notes
Turn   | Place    | Note
-------+----------+-------------------------------------------
     0 | D        | George the Minotaur Berserker began the quest for the Orb.
     0 | D        | Reached XP level 1. HP: 19/19 MP: 0/0
     5 | D        | Reached skill level 4 in Long Blades
     9 | D        | Reached ** piety under Trog
    37 | D        | Noticed a worker ant
    37 | D        | Noticed a crimson imp
    37 | D        | Noticed an ice beast
    40 | D        | Killed an ice beast
    40 | D        | Reached skill level 5 in Fighting
    40 | D        | Reached skill level 7 in Long Blades
    40 | D        | Reached skill level 5 in Armour
    40 | D        | Reached XP level 2. HP: 30/30 MP: 1/1
    40 | D        | Reached XP level 3. HP: 37/37 MP: 2/2
    40 | D        | Reached XP level 4. HP: 44/44 MP: 3/3
    43 | D        | Reached *** piety under Trog
    43 | D        | Reached skill level 8 in Long Blades
    43 | D        | Reached skill level 5 in Dodging
    49 | D        | Received a gift from Trog
    49 | D        | Reached XP level 5. HP: 51/51 MP: 4/4
    63 | D        | Found a roughly hewn altar of Beogh.
    63 | D        | Found a snail-covered altar of Cheibriados.
    63 | D        | Found a shadowy altar of Dithmenos.
    63 | D        | Found a white marble altar of Elyvilon.
    63 | D        | Found a blossoming altar of Fedhas.
    63 | D        | Found an opulent altar of Gozag.
    64 | D        | Found a hazy altar of Hepliaklqana.
    65 | D        | Found a viscous altar of Jiyva.
    66 | D        | Found an ancient bone altar of Kikubaaqudgha.
    67 | D        | Found a corrupted altar of Lugonu.
    68 | D        | Found a burning altar of Makhleb.
    69 | D        | Found a sparkling altar of Nemelex Xobeh.
    70 | D        | Found an iron altar of Okawaru.
    71 | D        | Found a stormy altar of Qazlal.
    72 | D        | Found a sacrificial altar of Ru.
    73 | D        | Found a deep blue altar of Sif Muna.
    74 | D        | Found a bloodstained altar of Trog.
    75 | D        | Found a hide-covered altar of Uskayaw.
    76 | D        | Found a radiant altar of Vehumet.
    77 | D        | Found an ornate altar of the Wu Jian Council.
    78 | D        | Found a shimmering altar of Xom.
    79 | D        | Found a basalt altar of Yredelemnul.
    80 | D        | Found a glowing silver altar of Zin.
    81 | D        | Found a glowing golden altar of the Shining One.
   104 | D        | Got the +2 scimitar of Gehenna {venom, rElec Str-3 Int+3}
   136 | D        | Noticed a necrophage
   142 | D        | Reached skill level 9 in Long Blades
   144 | D        | Reached **** piety under Trog
   151 | D        | Killed a necrophage
   151 | D        | Reached skill level 10 in Long Blades
   151 | D        | Reached XP level 6. HP: 61/61 MP: 5/5
   154 | D        | Received a gift from Trog
   426 | D        | Noticed a cyclops
   426 | D        | Noticed a two-headed ogre
   426 | D        | Noticed a gargoyle
   426 | D        | Noticed a sky beast
   426 | D        | Noticed a two-headed ogre
   433 | D        | Killed a two-headed ogre
   433 | D        | Reached skill level 10 in Fighting
   433 | D        | Reached skill level 13 in Long Blades
   433 | D        | Reached XP level 7. HP: 72/72 MP: 6/6
   433 | D        | Reached XP level 8. HP: 79/79 MP: 7/7
   437 | D        | Killed an unseen horror
   437 | D        | Reached ***** piety under Trog
   437 | D        | Reached skill level 14 in Long Blades
   437 | D        | Reached skill level 10 in Armour
   444 | D        | Killed a gargoyle
   444 | D        | Reached skill level 10 in Dodging
   449 | D        | Killed a two-headed ogre
   449 | D        | Reached skill level 15 in Long Blades
   449 | D        | Reached XP level 9. HP: 67/90 MP: 8/8
   452 | D        | HP: 2/90 [cyclops (24)]
   454 | D        | Killed a cyclops
   454 | D        | Reached skill level 16 in Long Blades
   768 | D        | Noticed a komodo dragon
   768 | D        | Noticed a rime drake
   768 | D        | Noticed a spiny frog
   768 | D        | Noticed a spiny frog
   775 | D        | Killed a spiny frog
   780 | D        | Killed a spiny frog
   781 | D        | Noticed a black mamba
   784 | D        | Killed a rime drake
   788 | D        | Killed a komodo dragon
   788 | D        | Reached skill level 17 in Long Blades
   788 | D        | Reached XP level 10. HP: 69/100 MP: 9/9
   793 | D        | Reached ****** piety under Trog
   795 | D        | Received a gift from Trog
   803 | D        | Killed a black mamba
   889 | D        | Noticed a spiny frog
   896 | D        | Killed a spiny frog
   901 | D        | Received a gift from Trog
   912 | D        | Reached skill level 18 in Long Blades
   980 | D        | Noticed a lindwurm
   987 | D        | Killed a lindwurm
   987 | D        | Reached skill level 1 in Throwing
  1002 | D        | Received a gift from Trog
  1364 | D        | Noticed Urug
  1375 | D        | Killed Urug
  1539 | D        | Noticed Sonja
  1556 | D        | Killed Sonja
  1556 | D        | Reached XP level 11. HP: 34/111 MP: 10/10
  1654 | D        | Noticed an orc knight
  1666 | D        | Killed an orc knight
  1676 | D        | Received a gift from Trog
  1684 | D        | Received a gift from Trog
  1765 | D        | Noticed an orc knight
  1765 | D        | Noticed an orc knight
  1780 | D        | Killed an orc knight
  1780 | D        | Received a gift from Trog
  1786 | D        | Noticed an orc knight
  1787 | D        | Killed an orc knight
  1787 | D        | Reached skill level 5 in Throwing
  1799 | D        | Killed an orc knight
  1799 | D        | Reached skill level 15 in Fighting
  1799 | D        | Reached skill level 19 in Long Blades
  1809 | D        | Received a gift from Trog
  1815 | D        | Received a gift from Trog
  1815 | D        | Reached skill level 15 in Armour
  1914 | D        | Found Cafas's Magic Scroll Boutique.
  1914 | D        | Noticed a two-headed ogre
  1914 | D        | Noticed a two-headed ogre
  1916 | D        | Noticed a two-headed ogre
  1918 | D        | Killed a two-headed ogre
  1926 | D        | Killed a two-headed ogre
  1928 | D        | Killed a two-headed ogre
  1930 | D        | Found Misk's Distillery.
  1934 | D        | Found Vulaehie's Distillery.
  1944 | D        | Noticed a two-headed ogre
  1945 | D        | Found Xulokek's Food Shop.
  1952 | D        | Killed a two-headed ogre
  1953 | D        | Noticed an ogre mage
  1954 | D        | Bought a scroll of magic mapping for 45 gold pieces
  1955 | D        | Noticed a two-headed ogre
  1958 | D        | Noticed a two-headed ogre
  1958 | D        | Noticed an ogre mage
  1961 | D        | Killed an ogre mage
  1961 | D        | Received a gift from Trog
  1961 | D        | Noticed a two-headed ogre
  1962 | D        | Found the +11 plutonium sword {*Contam Stlth-}
  1966 | D        | Killed a two-headed ogre
  1968 | D        | Killed a two-headed ogre
  1968 | D        | Reached XP level 12. HP: 115/122 MP: 3/11
  1978 | D        | Killed an ogre mage
  1980 | D        | Killed a two-headed ogre
  1980 | D        | Reached skill level 20 in Long Blades
  1980 | D        | Reached skill level 15 in Dodging
  2216 | D        | Got the +10 long sword "Dunoew" {vamp, +Blink +Inv}
  2294 | D        | Received a gift from Trog
  2300 | D        | Reached skill level 1 in Stealth
  2302 | D        | Noticed a centaur warrior
  2304 | D        | Noticed an ogre mage
  2312 | D        | Received a gift from Trog
  2316 | D        | Noticed an ogre mage
  2317 | D        | Noticed a stone giant
  2321 | D        | a centaur warrior changed into a shining eye
  2327 | D        | Killed an ogre mage
  2333 | D        | Killed a stone giant
  2337 | D        | Killed from afar by an ogre mage

Vault maps used:
D:        linesprint

Skill      XL: |  1  2  3  4  5  6  7  8  9 10 11 12 |
---------------+-------------------------------------+-----
Long Blades    | 7 8 10 13 15 17 18 19 20 | 20.4
Fighting       | 5 6 8 10 11 12 14 16 | 16.9
Armour         | 5 6 7 9 11 12 14 16 | 16.8
Dodging        | 4 5 6 9 10 11 13 14 15 | 15.5
Throwing       | 3 8 9 |  9.6
Stealth        | 3 |  3.6

Action                   |  1- 3 |  4- 6 |  7- 9 | 10-12 || total
-------------------------+-------+-------+-------+-------++-------
Melee: Falchion          |    10 |    10 |       |       ||    20
       Headbutt          |     1 |     4 |     9 |    59 ||    73
       Scimitar          |       |    20 |    34 |    13 ||    67
       Great sword       |       |       |       |    98 ||    98
       Triple sword      |       |       |       |   119 ||   119
Throw: Javelin           |       |       |       |     4 ||     4
Invok: Berserk           |     1 |     2 |       |     1 ||     4
       Trog's Hand       |       |     1 |     1 |     6 ||     8
  Use: Potion            |       |       |     1 |     2 ||     3
       Scroll            |       |       |       |     2 ||     2
  Eat: Chunk             |       |       |     2 |     9 ||    11
Armor: Animal skin       |     1 |       |       |       ||     1
       Chain mail        |       |     5 |     4 |    49 ||    58
       Plate armour      |       |       |       |    37 ||    37
Dodge: Dodged            |     8 |     9 |    18 |   120 ||   155
       Rpst.: Falchion   |     1 |       |       |       ||     1
       Scimitar          |       |     1 |     7 |     4 ||    12
       Great sword       |       |       |       |    10 ||    10
       Triple sword      |       |       |       |    15 ||    15

Table legend:
 A = Spawn XP
 B = Non-spawn XP
 C = Spawn XP percentage of total XP
 D = Spawn monster count
 E = Non-spawn monster count
 F = Spawn count percentage of total count
 G = Total turns spent on level
                    A         B        C        D         E        F      G
               +---------+---------+-------+---------+---------+-------+---------
         Total |       0 |   29806 |   0.0 |       0 |     101 |   0.0 |  2337
               +---------+---------+-------+---------+---------+-------+---------
             D |       0 |   29806 |   0.0 |       0 |     101 |   0.0 |  2337
               +---------+---------+-------+---------+---------+-------+---------
